 Dungeon Crawl Stone Soup version 0.28.0-45-g0d030f2227 (webtiles) character file.

Game seed: 5379524031492840025

39 zeratav the Insei (level 3, -1/23 HPs)
             Began as an Octopode Transmuter on Apr 13, 2022.
             Slain by a gnoll
             ... wielding a +0 spear
              (4 damage)
             ... on level 2 of the Dungeon.
             The game lasted 00:01:40 (1690 turns).

zeratav the Insei (Octopode Transmuter)             Turns: 1690, Time: 00:01:41

Health: -1/23      AC:  2    Str:  9    XL:     3   Next: 47%
Magic:  3/6        EV: 20    Int: 15    God:
Gold:   55         SH:  0    Dex: 19    Spells: 2/6 levels left

rFire   . . .      SeeInvis .     - Unarmed
rCold   . . .      Faith    .   (shield currently unavailable)
rNeg    . . .      Spirit   .   (helmet currently unavailable)
rPois   .          Reflect  .   (no amulet)
rElec   .          Harm     .   e - ring of poison resistance
rCorr   .          Rampage  .   (no ring)
Will    .....                   (no ring)
Stlth   ++........              (no ring)
HPRegen 0.07/turn               (no ring)
MPRegen 0.10/turn               (no ring)
                                (no ring)
                                (no ring)

@: spider-form (expiring)
A: venomous fangs, almost no armour, (amphibious), 8 rings, tiny, (camouflage
1), (gelatinous body 1), (nimble swimmer 1), (tentacles)
a: End Transformation


You were on level 2 of the Dungeon.
You were a venomous arachnid creature.
You visited 1 branch of the dungeon, and saw 2 of its levels.

You collected 55 gold pieces.


Innate Abilities, Weirdness & Mutations

You are a venomous arachnid creature.
You have poisonous fangs.
You are tiny and dextrous.
Your spellcasting is less reliable in this form.
Your armour is entirely melded.
You are incapable of wielding weapons or throwing items.
You cannot wear most types of armour.
((You are amphibious.))
You can wear up to eight rings at the same time.
((Your skin changes colour to match your surroundings (Stealth+).))
((Your rubbery body absorbs attacks. (AC +1, EV +1)))
((You are camouflaged when in or above water. (Stealth+)))
((You have tentacles for arms and can constrict up to eight enemies at once.))


   Skills:
 + Level 1.6 Fighting
 + Level 2.4 Dodging
 + Level 1.7 Stealth
 * Level 3.6 Unarmed Combat
 - Level 2.0 Spellcasting
 - Level 2.0 Transmutations


You had 2 spell levels left.
You knew the following spells:

 Your Spells              Type           Power      Damage    Failure   Level
a - Beastly Appendage     Tmut           14%        N/A       24%         1
b - Spider Form           Tmut/Pois      4%         N/A       63%         3

Your spell library contained the following spells:

 Spells                   Type           Power      Damage    Failure   Level
 Wereblood                Tmut           7%         N/A       32%         2
 Freeze                   Ice            4%         1d3       43%         1
 Frozen Ramparts          Ice            2%         1d2       75%         3
 Gell's Gravitas          Tloc           1%         N/A       75%         3
 Lesser Beckoning         Tloc           1%         N/A       75%         3
 Teleport Other           Tloc           1%         N/A       75%         3
 Ice Form                 Ice/Tmut       4%         N/A       93%         4
 Hailstorm                Conj/Ice       1%         3d3       98%         4

Inventory:

Jewellery
 e - a ring of poison resistance (left front leg)
   (You found it on level 1 of the Dungeon)
Scrolls
 b - 2 scrolls of identify {unknown}
 c - a scroll of fear {unknown}
 d - a scroll of blinking {unknown}
Potions
 a - a potion of heal wounds {unknown}

Dungeon Overview and Level Annotations

Branches:
Dungeon (2/15)

Altars:

##.####.#######.##
#####...#...g.g......
#..........#######..#
#######.#### ##.. #.g.##
#. ###..# # ##.##
#############..#
#......####..#####.
###########.............
#........####...###
#........(##.......
#.......#.........#
#..................


You could see 2 gnolls.


Message History

The jackal misses you.
You tentacle-slap the jackal. You grab the jackal.
You pierce the jackal, but do no damage.
You constrict the jackal.
You kill the jackal!
MP[+1]
Your mp is fully restored (6).
You closely miss the jackal.
The jackal barks!
The gnoll shouts!
You grab the jackal.
You pierce the jackal, but do no damage.
You constrict the jackal, but do no damage.
The jackal misses you. The jackal bites you.
HP[-2]
You take 2 damage, and now have 20/23 hp.
You tentacle-slap the jackal.
You pierce the jackal.
You kill the jackal!
Your tentacle spike disappears.
The jackal closely misses you.
You closely miss the jackal. Your grab misses the jackal. The jackal bites you.
You tentacle-slap the jackal. You grab the jackal.
You constrict the jackal, but do no damage.
The jackal bites you. The jackal misses you.
HP[-3]
You take 3 damage, and now have 17/23 hp.
You tentacle-slap the jackal.
You kill the jackal!
The jackal closely misses you. The jackal misses you. The jackal bites you.
HP[-2]
You take 2 damage, and now have 15/23 hp.
Found a stone staircase leading down.
The jackal misses you. The jackal barely misses you.
HP[+1]
The jackal bites you.
HP[-2]
You take 2 damage, and now have 14/23 hp.
The jackal barely misses you. The jackal bites you.
HP[-2]
You take 2 damage, and now have 12/23 hp.
The jackal bites you.
* * * LOW HITPOINT WARNING * * *
HP[-2]
You take 2 damage, and now have 10/23 hp.
The jackal completely misses you. The jackal closely misses you.
HP[+1]
You tentacle-slap the jackal. You grab the jackal.
You constrict the jackal, but do no damage.
The jackal closely misses you.
You tentacle-slap the jackal but do no damage.
You constrict the jackal. The jackal closely misses you. The jackal misses you.
You tentacle-slap the jackal.
You kill the jackal!
There is a stone staircase leading up here.
The gnoll hits you from afar with a +0 spear.
* * * LOW HITPOINT WARNING * * *
You climb upwards.
There is a stone staircase leading down here.
HP[-4]
You take 4 damage, and now have 7/23 hp.
You start resting.
You start resting.
HP[+16]
Your hp is fully restored (23).
Casting: Beastly Appendage (safe; 10% risk of failure)
Confirm with . or Enter, or press ? or * to list all spells.
The spell is potentially lethal to miscast (41% risk of failure)!
Continue anyway?
You turn into a venomous arachnid creature.
MP[-3]
You lost 3 mp, and now have 3/6 mp.
You climb downwards.
The gnoll throws a throwing net.
The throwing net misses you.
There is a stone staircase leading up here.
You see here a throwing net {=fthrowing}.
Your transformation is almost over.
The gnoll misses you.
You hit the gnoll.
The gnoll is poisoned.
The gnoll hits you with a +0 spear. The gnoll misses you.
HP[-1]
You take 1 damage, and now have 22/23 hp.
You hit the gnoll but do no damage.
The gnoll looks as sick as possible!
The gnoll completely misses you. The gnoll hits you with a +0 flail!
Ouch! That really hurt!
* * * LOW HITPOINT WARNING * * *
HP[-12]
You take 12 damage, and now have 10/23 hp.
MASSIVE DAMAGE!! (PAUSE)
You hit the gnoll.
The gnoll looks as sick as possible!
The gnoll misses you. The gnoll hits you with a +0 flail!
* * * LOW HITPOINT WARNING * * *
HP[-7]
You take 7 damage, and now have 3/23 hp.
MASSIVE DAMAGE!! (PAUSE)
You bite the gnoll! The gnoll misses you. x2
You barely miss the gnoll. The gnoll hits you with a +0 spear.
You die...

Skill      XL: |  1  2 |
---------------+-------+-----
Stealth        | 1 |  1.7
Fighting       | |  1.6
Dodging        | |  2.4
Unarmed Combat | |  3.6
Spellcasting   | |  2.0
Transmutations | |  2.0

Action                   || total
-------------------------++-------
Melee: Unarmed           ||    66
       Constrict         ||    18
       Kick              ||    19
       Tentacles         ||    11
 Cast: Beastly Appendage ||    18
       Spider Form       ||     1
 Stab: Sleeping          ||     4
Dodge: Dodged            ||    50

Levels and vault maps discovered:
D:1:      minmay_arrival_checkered_box, layout_basic,
          nicolae_ecumenical_snake_handling
D:2:      layout_rooms

Notes
Turn   | Place    | Note
-------+----------+-------------------------------------------
     0 | D:1      | zeratav the Octopode Transmuter began the quest for the
                  | Orb.
     0 | D:1      | Reached XP level 1. HP: 13/13 MP: 3/3
     0 | D:1      | magus.rc [v1.9.6]
   222 | D:1      | You pick up a book of Frost and begin reading...
   222 | D:1      | You add the spells Freeze, Frozen Ramparts and Hailstorm to
                  | your library.
   231 | D:1      | Found a faded altar of an unknown god.
   248 | D:1      | Reached XP level 2. HP: 16/18 MP: 3/5
   251 | D:1      | Reached skill level 1 in Stealth
   793 | D:1      | You pick up a book of Displacement and begin reading...
   793 | D:1      | You add the spells Lesser Beckoning, Gell's Gravitas and
                  | Teleport Other to your library.
  1117 | D:1      | Reached XP level 3. HP: 23/23 MP: 4/6
  1222 | D:1      | Learned a level 3 spell: Spider Form
  1688 | D:2      | HP: 3/23 [gnoll/+0 flail (7)]
  1690 | D:2      | Slain by a gnoll

Vanquished Creatures
  A dart slug (D:1)
  6 endoplasms
  2 giant cockroaches (D:1)
  4 goblins
  3 hobgoblins
  6 jackals
  2 quokkas
  4 ball pythons (D:1)
  2 frilled lizards (D:1)
30 creatures vanquished.

Table legend:
 A = Non-vault XP
 B = Vault XP
 C = Vault XP percentage of total XP
 D = Non-vault monster count
 E = Vault monster count
 F = Vault count percentage of total count
                 A         B        C        D         E       F
            +---------+---------+-------+---------+---------+-------
      Total |      53 |       4 |   7.0 |      27 |       3 |  10.0
            +---------+---------+-------+---------+---------+-------
        D:1 |      35 |       4 |  10.3 |      18 |       3 |  14.3
        D:2 |      18 |       0 |   0.0 |       9 |       0 |   0.0
            +---------+---------+-------+---------+---------+-------

Illustrated notes

Table legend:
 A = Kills in this place as a percentage of kills in entire the game.
 B = Kills by you in this place as a percentage of kills by you in the entire game.
 C = Kills by friends in this place as a percentage of kills by friends in the entire game.
 D = Other kills in this place as a percentage of other kills in the entire game.
 E = Experience gained in this place as a percentage of experience gained in the entire game.
 F = Experience gained in this place divided by the number of levels of this place that you have seen.
                   A       B       C       D       E      F
               +-------+-------+-------+-------+-------+----------------------
         Total | 100.0 | 100.0 |   N/A |   N/A | 100.0 |  28.5
       Dungeon | 100.0 | 100.0 |   N/A |   N/A | 100.0 |  28.5
               +-------+-------+-------+-------+-------+----------------------

Table legend: (Time is in decaauts)
 A = Elapsed time spent in this place.
 B = Non-inter-level travel time spent in this place.
 C = Inter-level travel time spent in this place.
 D = Time resting spent in this place.
 E = Time spent auto-exploring this place.
 F = Levels seen in this place.
 G = Mean time per level.
                   A        B        C        D        E       F      G
               +--------+--------+--------+--------+--------+-----+--------+
         Total |   1686 |   1645 |     41 |    218 |   1206 |   2 |  843.0 |
       Dungeon |   1686 |   1645 |     41 |    218 |   1206 |   2 |  843.0 |
               +--------+--------+--------+--------+--------+-----+--------+

Top non-repeatable levels by time:
     D:1: 1481 daAuts
     D:2: 204 daAuts
